 Dungeon Sprint DCSS version 0.24-a0-292-g5c6fb1cd70 (webtiles) character file.

Game seed: 5637010483590682495

900000 Hercules1031 the Spry (level 12, -26/86 HPs)
             Began as a Gargoyle Monk on May 11, 2019.
             Was a Believer of Makhleb.
             Annihilated by a meat berserker
             ... wielding a +9 battleaxe
              (63 damage)
             ... in the Dungeon (Sprint VIII: "Arena of Blood").
             The game lasted 00:00:55 (9 turns).

Hercules1031 the Spry (Gargoyle Monk)                  Turns: 9, Time: 00:00:56

Health: -26/86     AC: 12    Str: 18    XL:     12   Next: 2%
Magic:  12/12      EV: 22    Int: 11    God:    Makhleb [**....]
Gold:   0          SH:  0    Dex: 14    Spells: 11/11 levels left

rFire    . . .     SeeInvis .   j - +∞ Axe of Woe
rCold    . . .     Gourm    .   (shield currently unavailable)
rNeg     + . .     Faith    .   b - +0 robe
rPois    ∞         Spirit   .   (no helmet)
rElec    +         Reflect  .   (no cloak)
rCorr    .         Harm     .   (no gloves)
MR       .....     NoTele   +   (no boots)
Stlth    ++........             (no amulet)
HPRegen  0.24/turn              (no ring)
MPRegen  0.13/turn              (no ring)

@: no status effects
A: negative energy resistance 1, electricity resistance, unbreathing,
petrification resistance, rot immunity, AC +8
a: Minor Destruction, Renounce Religion


You were in the Dungeon.
You worshipped Makhleb.
Makhleb was pleased with you.
You were not hungry.

You visited 1 branch

Inventory:

Hand Weapons
 a - a +0 hand axe
 j - the +∞ Axe of Woe (weapon)
   (You found it in the Dungeon)
Armour
 b - a +0 robe (worn)
Scrolls
 i - a scroll of blinking
Potions
 d - a potion of curing
 e - a potion of heal wounds
 f - a potion of haste
 g - 2 potions of magic
 h - a potion of berserk rage
Comestibles
 c - a ration


   Skills:
 + Level 14.5 Fighting
 + Level 12.5 Axes
 + Level 14.2 Armour
 * Level 15.5 Dodging
 - Level 2.1 Stealth


You had 11 spell levels left.
You didn't know any spells.
Your spell library was empty.

Dungeon Overview and Level Annotations

Branches:
Dungeon (1/1)

Altars:
Makhleb


Innate Abilities, Weirdness & Mutations

You are resistant to torment.
Your stone body is resilient. (AC +8)
You are immune to poison.
You resist negative energy. (rN+)
You are resistant to electric shocks. (rElec)
You can survive without breathing.
You are immune to petrification.
You are immune to rotting.


Message History

Your experience leads to an increase in your attributes!
Increase (S)trength, (I)ntelligence, or (D)exterity?
You feel agile.
You have reached level 10!
You have reached level 11!
You have reached level 12!
Your experience leads to an increase in your attributes!
Increase (S)trength, (I)ntelligence, or (D)exterity?
You feel agile.
You feel clever.
You hear a shout!
A meat berserker comes into view. It is wielding a +9 battleaxe.
You hear a shout!
The meat berserker hits you with a +9 battleaxe!!!
Ouch! That really hurt!
You hear a shout! x3
A bag of meat comes into view. It is wielding a +9 war axe.
You hear a shout!
The meat berserker hits you with a +9 battleaxe!!!
Ouch! That really hurt!
You die...

#... .# o #...
..# ...###...
..###.
........###......
#.. ....._......
o... #.....#
.o... #_.<._#
......#.....#..
#..o..O@o_......
...O..OO###......
.Oo###... ..###.
.. #.... ..#
#..... o#
.....o...
........
..........


You could see 5 meat berserkers and 6 bags of meat.

Vanquished Creatures
  An orc (D)
1 creature vanquished.

Notes
Turn   | Place    | Note
-------+----------+-------------------------------------------
     0 | D        | Found the +∞ Axe of Woe
     0 | D        | Hercules1031 the Gargoyle Monk began the quest for the Orb.
     0 | D        | Reached XP level 1. HP: 14/14 MP: 1/1
     1 | D        | Noticed a bag of meat
     3 | D        | Noticed a bag of meat
     4 | D        | Noticed a bag of meat
     4 | D        | Noticed a bag of meat
     4 | D        | Noticed a bag of meat
     6 | D        | Became a worshipper of Makhleb the Destroyer
     6 | D        | Reached * piety under Makhleb
     6 | D        | Reached ** piety under Makhleb
     7 | D        | Noticed a meat berserker
     7 | D        | Noticed a meat berserker
     7 | D        | Noticed a bag of meat
     8 | D        | Noticed a meat berserker
     8 | D        | Noticed a meat berserker
     8 | D        | Noticed a bag of meat
     9 | D        | Killed a bag of meat
     9 | D        | Reached skill level 15 in Dodging
     9 | D        | Reached XP level 2. HP: 34/34 MP: 2/2
     9 | D        | Reached XP level 3. HP: 39/39 MP: 3/3
     9 | D        | Reached XP level 4. HP: 44/44 MP: 4/4
     9 | D        | Reached XP level 5. HP: 49/49 MP: 5/5
     9 | D        | Reached XP level 6. HP: 55/55 MP: 6/6
     9 | D        | Reached XP level 7. HP: 60/60 MP: 7/7
     9 | D        | Reached XP level 8. HP: 65/65 MP: 8/8
     9 | D        | Reached XP level 9. HP: 70/70 MP: 9/9
     9 | D        | Reached XP level 10. HP: 76/76 MP: 10/10
     9 | D        | Reached XP level 11. HP: 80/80 MP: 11/11
     9 | D        | Reached XP level 12. HP: 86/86 MP: 12/12
     9 | D        | Noticed a meat berserker
     9 | D        | Noticed a bag of meat
     9 | D        | Annihilated by a meat berserker

Levels and vault maps discovered:
D:        meatsprint

Skill      XL: |  1 |
---------------+----+-----
Fighting       | 14 | 14.5
Axes           | 12 | 12.5
Armour         | 14 | 14.2
Dodging        | 15 | 15.5
Stealth        | |  2.1

Action                   |  1- 3 |  4- 6 |  7- 9 | 10-12 || total
-------------------------+-------+-------+-------+-------++-------
Melee: Executioner's axe |     1 |       |       |       ||     1

Table legend:
 A = Non-vault XP
 B = Vault XP
 C = Vault XP percentage of total XP
 D = Non-vault monster count
 E = Vault monster count
 F = Vault count percentage of total count
                 A         B        C        D         E       F
            +---------+---------+-------+---------+---------+-------
      Total |       0 |   18760 | 100.0 |       0 |       1 | 100.0
            +---------+---------+-------+---------+---------+-------
          D |       0 |   18760 | 100.0 |       0 |       1 | 100.0
            +---------+---------+-------+---------+---------+-------
